Map: Base scientifica Sejong LE

Players

Jhyrachy

  • Race: Zerg Zerg
  • League: Gold

Zyx - Winner!

  • Race: Zerg Zerg
  • League: Gold

VOD

Have the link to the VOD?

Description

Time

  • Played on: May 26, 2016, 6:57 a.m.
  • Length: 12:47
Show
View Real Time Build Order
Export as new Build Order

Jhyrachy Zerg 

Build Orders: Pool First 

Get SALT Encoding   

  12  0:01  Drone  
  13  0:08  Drone  
  14  0:28  Spawning Pool  
  13  0:32  Drone  
  14  0:35  Extractor  
  14  0:36  Drone  
  14  0:45  Overlord  
  14  1:04  Drone  
  15  1:16  Zergling x6  
  15  1:17  Queen  
  20  1:29  Drone  
  21  1:40  Metabolic Boost  
  21  1:44  Zergling x2  
  22  2:05  Overlord  
  22  2:13  Hatchery  
  21  2:19  Drone  
  19  2:57  Zergling x10  
  24  3:22  Extractor, Drone x5  
  28  3:40  Drone x2  
  30  3:45  Lair  
  30  3:46  Queen  
  26  4:13  Drone  
  26  4:14  Drone x5  
  32  4:32  Queen  
  34  4:43  Extractor  
  33  4:46  Extractor  
  33  4:49  Drone x4  
  33  4:50  Overlord x2  
  33  4:51  Overlord  
  36  4:55  Spine Crawler  
  36  4:59  Drone, Spine Crawler  
  35  5:00  Drone  
  36  5:13  Spire  
  35  5:29  Drone x2  
  35  5:30  Drone x5  
  42  5:50  Zergling x2  
  42  5:53  Drone  
  42  5:54  Drone x3  
  42  5:55  Drone  
  48  6:18  Overlord  
  48  6:19  Overlord  
  48  6:25  Mutalisk  
  48  6:26  Mutalisk x5  
  60  6:38  Mutalisk  
  60  6:39  Mutalisk x4  
  70  7:06  Hatchery  
  64  7:58  Mutalisk x6  
  64  8:01  Overlord x2  
  76  8:27  Mutalisk  
  76  8:28  Mutalisk x5  
  88  8:43  Overseer  
  88  8:45  Pneumatized Carapace  
  84  9:22  Drone  
  84  9:23  Drone x10  
  95  9:24  Queen  
  97  9:31  Extractor, Zerg Flyer Weapons Level 1  
  96  9:51  Extractor  
  87  10:08  Mutalisk x3  
  87  10:09  Mutalisk x2  
  97  10:19  Overlord x3  
  97  10:32  Drone  
  98  10:43  Drone x4  
  98  10:44  Drone x3  
  98  10:45  Overlord x4  
  97  11:27  Hatchery  
  96  11:36  Mutalisk x9  
  96  11:37  Mutalisk x6  
  126  11:49  Spine Crawler  
  125  11:55  Spine Crawler  
  125  12:00  Spine Crawler  
  123  12:19  Hydralisk Den  
Show
View Real Time Build Order
Export as new Build Order

Zyx Zerg - Winner!

Build Orders: Hatch First, Lurkers 

Get SALT Encoding   

  12  0:08  Overlord  
  12  0:13  Drone  
  13  0:18  Drone  
  14  0:27  Drone  
  15  0:32  Drone  
  16  0:41  Drone  
  17  0:58  Hatchery  
  16  1:09  Extractor  
  15  1:13  Spawning Pool  
  14  1:19  Drone  
  15  1:30  Drone x2  
  17  1:39  Drone  
  18  1:52  Overlord  
  17  2:04  Queen, Roach Warren  
  17  2:06  Drone  
  19  2:10  Zergling x2  
  20  2:16  Zergling x2  
  21  2:24  Zergling x2  
  21  2:27  Drone  
  21  2:46  Roach x2  
  21  2:51  Roach  
  27  3:01  Roach  
  29  3:06  Drone x2  
  29  3:07  Drone  
  32  3:14  Overlord  
  32  3:20  Drone  
  33  3:28  Queen  
  35  3:35  Drone x2  
  37  3:41  Drone x2  
  37  3:45  Drone  
  36  3:58  Drone  
  36  3:59  Drone  
  36  4:09  Roach x3  
  40  4:20  Lair, Evolution Chamber  
  40  4:23  Drone  
  40  4:28  Overlord  
  40  4:32  Drone  
  40  4:34  Drone  
  42  4:41  Drone x2  
  44  4:46  Overlord  
  44  4:51  Zerg Missile Weapons Level 1  
  44  4:55  Extractor  
  43  5:00  Drone x3  
  43  5:02  Drone  
  43  5:06  Drone x2  
  49  5:09  Drone  
  50  5:15  Drone  
  50  5:16  Drone x2  
  53  5:21  Extractor  
  53  5:22  Drone x2  
  53  5:27  Glial Reconstitution  
  54  5:32  Overlord  
  54  5:34  Overlord  
  54  5:38  Overlord  
  54  5:47  Drone x2, Hydralisk Den  
  54  5:48  Drone  
  56  5:53  Drone x2  
  56  5:54  Drone  
  56  5:55  Drone  
  60  5:57  Drone  
  61  6:11  Evolution Chamber  
  60  6:15  Drone x2  
  62  6:18  Extractor  
  62  6:20  Lurker Den  
  62  6:23  Drone x3  
  64  6:38  Pneumatized Carapace  
  64  6:44  Drone x2  
  64  6:46  Zerg Ground Armor Level 1  
  66  6:47  Hydralisk x2  
  66  6:48  Hydralisk  
  66  6:51  Hydralisk  
  74  6:54  Hydralisk  
  74  6:59  Hydralisk  
  78  7:15  Hatchery  
  77  7:23  Roach  
  77  7:24  Roach x2  
  77  7:25  Overlord x3  
  77  7:26  Overlord x3  
  83  7:40  Spore Crawler  
  82  7:46  Spore Crawler  
  82  7:49  Spore Crawler  
  82  7:50  Queen, Spore Crawler  
  79  8:03  Zerg Missile Weapons Level 2  
  79  8:04  Hydralisk  
  79  8:05  Hydralisk x6  
  93  8:13  Drone  
  94  8:23  Overseer  
  94  8:32  Drone x6  
  100  8:46  Spore Crawler  
  99  8:49  Spore Crawler  
  99  8:51  Drone x3  
  99  8:52  Spore Crawler  
  99  8:56  Drone x2  
  99  8:57  Drone x4  
  98  9:09  Hydralisk  
  90  9:10  Hydralisk x2  
  96  9:17  Spore Crawler  
  96  9:19  Spore Crawler  
  96  9:21  Drone  
  96  9:22  Spore Crawler, Drone  
  96  9:23  Spore Crawler, Drone x5  
  99  9:38  Hydralisk x4  
  107  9:52  Drone x3  
  106  10:14  Spore Crawler  
  106  10:15  Spore Crawler  
  106  10:17  Drone x3  
  106  10:18  Drone  
  106  10:19  Spore Crawler  
  107  10:22  Spore Crawler  
  107  10:25  Drone  
  107  10:26  Drone x2, Hydralisk  
  107  10:27  Hydralisk x3  
  107  10:28  Spore Crawler  
  116  10:34  Queen  
  118  10:38  Hydralisk x2  
  122  10:42  Overlord  
  122  10:43  Overlord x2  
  122  11:02  Overlord x3  
  122  11:08  Drone x3  
  122  11:09  Drone x2  
  127  11:12  Extractor  
  127  11:13  Extractor  
  127  11:17  Queen  
  127  11:27  Hydralisk x6  
  139  11:55  Lurker x7  
  139  11:56  Lurker  
  139  11:57  Roach  
  139  11:58  Roach x10  
  139  12:01  Overlord  
  169  12:09  Hatchery  
  169  12:11  Overlord x3  
Tags
 
Add a new tag
Caveats
  • Supply blocks, unpowered buildings, or Contaminate may cause inaccurate times.
  • Supply counts are checked every 10 seconds.